 Dungeon Crawl Stone Soup version 0.32-a0-868-g153ae1a8d6 (webtiles) character file.

Game seed: 7816375186880156981

49 olmar the Slasher (level 3, 0/27 HPs)
             Began as a Coglin Gladiator on Mar 28, 2024.
             Was a Follower of Cheibriados.
             Constricted to death by a ball python (1 damage)
             ... on level 3 of the Dungeon on Mar 29, 2024.
             The game lasted 00:02:09 (1073 turns).

olmar the Slasher (Coglin Gladiator)                Turns: 1073, Time: 00:02:10

Health: 0/27       AC:  4    Str: 18    XL:     3   Next: 75%
Magic:  3/3        EV:  2    Int:  9    God:    Cheibriados [*.....]
Gold:   21         SH:  0    Dex: 17    Spells: 2/2 levels left

rFire   . . .        a - +0 long sword {Bojana}
rCold   . . .        f - +0 dagger {Zhen}
rNeg    . . .        b - +0 leather armour
rPois   .            c - +0 helmet
rElec   .            (no cloak)
rCorr   .            (no gloves)
SInv    .            (no boots)
Will    .....        (amulet unavailable)
Stlth   +            (ring unavailable)
HPRegen 0.24/turn    (ring unavailable)
MPRegen 0.08/turn    (no gizmo)

%: no passive effects
@: constricted, very slow
A: off-hand wielding, slow wielding, warmup strikes, no jewellery
a: Invent Gizmo, Renounce Religion, Bend Time


You were on level 3 of the Dungeon.
You worshipped Cheibriados.
Cheibriados was aware of your devotion.
You visited 1 branch of the dungeon, and saw 3 of its levels.

You collected 21 gold pieces.

Inventory:

Hand Weapons
 a - a +0 long sword (weapon) {Bojana}
 f - a +0 dagger (offhand) {Zhen}
Missiles
 d - 3 throwing nets (quivered)
 e - a javelin
 n - 6 boomerangs
Armour
 b - a +0 leather armour (worn)
 c - a +0 helmet (worn)
Scrolls
 g - a scroll of amnesia {unknown}
 h - a scroll of identify {unknown}
 i - a scroll of vulnerability {unknown}
 j - 2 scrolls of teleportation {unknown}
 k - a scroll of fog {unknown}
 m - a scroll of enchant weapon {unknown}
 p - a scroll of immolation {unknown}
Potions
 l - a potion of curing {unknown}
 o - a potion of degeneration {unknown}


   Skills:
 + Level 2.1 Fighting
 + Level 0.2(2.1) Short Blades
 + Level 3.7(3.8) Long Blades
 - Level 1.9 Throwing
 + Level 0.2 Armour
 + Level 3.2 Dodging


You had 2 spell levels left.
You didn't know any spells.
Your spell library was empty.

Dungeon Overview and Level Annotations

Branches:
Dungeon (3/15)

Altars:
Cheibriados


Innate Abilities, Weirdness & Mutations

You can wield a second weapon in your off-hand.
It takes a long time for you to wield or remove held weapons.
Your first few attacks do less damage.
You cannot equip rings or amulets.


Message History

The ball python bites you. The ball python constricts you.
The frilled lizard bites you.
The ball python bites you but does no damage.
The ball python constricts you.
Unknown command.
The frilled lizard bites you but does no damage.
The ball python bites you but does no damage.
The ball python constricts you.
Unknown command.
The frilled lizard bites you.
The ball python bites you but does no damage.
The ball python constricts you.
* * * LOW HITPOINT WARNING * * *
Unknown command.
The frilled lizard bites you but does no damage.
The ball python bites you.
* * * LOW HITPOINT WARNING * * *
The ball python constricts you.
* * * LOW HITPOINT WARNING * * *
Unknown command.
The ball python barely misses you. The ball python constricts you.
The frilled lizard bites you but does no damage.
Unknown command.
The ball python barely misses you. The ball python constricts you.
* * * LOW HITPOINT WARNING * * *
The frilled lizard bites you.
* * * LOW HITPOINT WARNING * * *
The ball python bites you but does no damage.
The ball python constricts you.
* * * LOW HITPOINT WARNING * * *
The frilled lizard bites you.
* * * LOW HITPOINT WARNING * * *
The ball python bites you.
* * * LOW HITPOINT WARNING * * *
The ball python constricts you. The frilled lizard barely misses you.
The ball python bites you but does no damage.
The ball python constricts you.
You die...
Cheibriados appreciates the motionlessness of death.

#
##.##.......##
#...##.....##
###...###...##
#.#...####+##
#.......#
##.....!#.#
#.........#
#.#...###...#
#.#.@.#......
# #.lS.# ...
##.#.# ..
...... #.##...
#.# ###.# #..
# ###


You could see a ball python and a frilled lizard.

Vanquished Creatures
  2 adders (D:2)
  A ribbon worm (D:2)
  A dart slug (D:2)
  3 ball pythons
  3 endoplasms
  2 goblins (D:1)
  2 hobgoblins (D:1)
  3 quokkas (D:1)
  A bat (D:1)
  4 kobolds (D:1)
  2 rats (D:1)
24 creatures vanquished.

Notes
Turn   | Place    | Note
-------+----------+-------------------------------------------
     0 | D:1      | olmar the Coglin Gladiator began the quest for the Orb.
     0 | D:1      | Reached XP level 1. HP: 16/16 MP: 1/1
   353 | D:1      | Reached XP level 2. HP: 20/22 MP: 2/2
   574 | D:1      | Found a faded altar of an unknown god.
   696 | D:1      | Prayed at the altar of an unknown god.
   696 | D:1      | Became a worshipper of Cheibriados the Contemplative
   696 | D:1      | Reached * piety under Cheibriados
   735 | D:2      | Reached XP level 3. HP: 18/27 MP: 3/3
  1072 | D:3      | HP: 1/27 [ball python (2)]
  1073 | D:3      | Constricted to death by a ball python

Illustrated notes

Levels and vault maps discovered:
D:1:      scummos_arrival_hexagon, layout_loops_ring,
          chequers_ecumenical_altar_twisty, bh_walls_and_bars
D:2:      layout_basic, serial_shops, shop_statue, minmay_pentomino_pile
D:3:      layout_loops_corners, serial_shops, shop

Skill      XL: |  1 |
---------------+----+-----
Dodging        | 3 |  3.2
Fighting       | |  2.1
Short Blades   | |  0.2
Long Blades    | |  3.7
Throwing       | |  1.9
Armour         | |  0.2

Action                     || total
---------------------------++-------
  Melee: Long sword        ||    51
         Dagger            ||    45
   Stab: Sleeping          ||     1
 Armour: Leather armour    ||    72
  Dodge: Dodged            ||    35

Table legend: (Time is in decaauts)
 A = Elapsed time spent in this place.
 B = Non-inter-level travel time spent in this place.
 C = Inter-level travel time spent in this place.
 D = Time resting spent in this place.
 E = Time spent auto-exploring this place.
 F = Levels seen in this place.
 G = Mean time per level.
                   A        B        C        D        E       F      G
               +--------+--------+--------+--------+--------+-----+--------+
         Total |   1158 |    952 |    206 |      0 |    771 |   3 |  386.0 |
       Dungeon |   1158 |    952 |    206 |      0 |    771 |   3 |  386.0 |
               +--------+--------+--------+--------+--------+-----+--------+

Top non-repeatable levels by time:
     D:1: 715 daAuts
     D:2: 405 daAuts
     D:3: 37 daAuts
